 Dungeon Crawl Stone Soup version 0.25-a0-939-g1e880d33e3 (webtiles) character file.

Game seed: 11310161147384301378, levelgen mode: deterministic

3885 vinniec the Reanimator (level 10, -2/67 HPs)
             Began as a Vampire Necromancer on May 4, 2020.
             Was a Priest of Sif Muna.
             Shot with a sling bullet by Joseph (8 damage)
             ... on level 9 of the Dungeon on May 5, 2020.
             The game lasted 03:04:57 (10825 turns).

vinniec the Reanimator (Vampire Necromancer)       Turns: 10825, Time: 03:04:58

Health: -2/67      AC:  7    Str:  7    XL:     10   Next: 0%
Magic:  22/22      EV: 14    Int: 25    God:    Sif Muna [***...]
Gold:   67         SH:  0    Dex: 14    Spells: 16/25 levels left

rFire    . . .     SeeInvis +   T - +5 dagger (protect)
rCold    . . .     Gourm    .   (no shield)
rNeg     . . .     Faith    +   Q - +0 leather armour
rPois    .         Spirit   .   m - +0 helmet
rElec    .         Reflect  .   (no cloak)
rCorr    .         Harm     .   q - +2 pair of gloves
MR       +....                  (no boots)
Stlth    +++++.....             U - amulet of faith
HPRegen  0.41/turn              W - ring of stealth
MPRegen  0.18/turn              M - +3 ring of intelligence

@: regenerating quickly, studying Necromancy
A: no food, fangs 3, see invisible, unbreathing
a: Exsanguinate, Channel Magic, Forget Spell, Renounce Religion


You were on level 9 of the Dungeon.
You worshipped Sif Muna.
Sif Muna was most pleased with you.
You were alive.

You visited 2 branches of the dungeon, and saw 10 of its levels.

You collected 634 gold pieces.
You spent 567 gold pieces at shops.

Inventory:

Hand Weapons
 i - a +2 dagger of electrocution
 A - a +2 flail of protection
 C - a +1 short sword of flaming
 G - a +4 mace of protection
 H - a +0 falchion
 N - a +0 hunting sling
 T - a +5 dagger of protection (weapon)
 X - a +3 antimagic flail
Missiles
 d - 210 stones (quivered)
 r - 6 boomerangs
Armour
 m - a +0 helmet (worn)
 q - a +2 pair of gloves (worn)
 w - a +0 chain mail
 Q - a +0 leather armour (worn)
Magical Staves
 p - an uncursed staff of fire {unknown}
Jewellery
 k - a cursed ring of attention
 n - an uncursed ring of teleportation
 s - an uncursed ring of resist corrosion
 I - an uncursed ring of protection from magic
 M - a +3 ring of intelligence (right hand)
 U - an amulet of faith (around neck)
 W - a ring of stealth (left hand)
Wands
 F - a wand of iceblast (5)
 J - a wand of disintegration (8)
 S - a wand of flame (24)
Scrolls
 c - 3 scrolls of enchant weapon
 h - a scroll of noise {unknown}
 l - a scroll of remove curse
 u - 3 scrolls of amnesia {unknown}
 x - 4 scrolls of identify
 y - 3 scrolls of teleportation {unknown}
 z - a scroll of immolation {unknown}
 B - 2 scrolls of random uselessness {unknown}
 E - a scroll of magic mapping {unknown}
 L - a scroll of blinking {unknown}
 V - 2 scrolls of fear {unknown}
Potions
 a - a potion of heal wounds
 e - 3 potions of ambrosia {unknown}
 f - a potion of curing {unknown}
 g - 2 potions of flight {unknown}
 o - a potion of magic {unknown}
 t - a potion of brilliance {unknown}
 v - 2 potions of stabbing {unknown}
 D - a potion of might {unknown}
 K - a potion of degeneration {unknown}
 O - 2 potions of haste {unknown}
 P - 3 potions of lignification {unknown}
 R - a potion of invisibility {unknown}
 Y - a potion of berserk rage {unknown}
 Z - a potion of mutation {unknown}
Books
 b - a manual of Necromancy
Comestibles
 j - 20 rations


   Skills:
 + Level 1.8 Fighting
 + Level 3.3 Short Blades
 + Level 0.1 Throwing
 * Level 3.5 Armour
 * Level 6.0 Dodging
 * Level 8.9 Stealth
 * Level 8.4 Spellcasting
 + Level 9.2 Necromancy
 + Level 0.2 Evocations


You had 16 spell levels left.
You knew the following spells:

 Your Spells              Type           Power        Failure   Level  Hunger
a - Pain                  Necr           ####         1%          1    N/A
b - Animate Skeleton      Necr           N/A          1%          1    N/A
c - Vampiric Draining     Necr           ######....   1%          3    N/A
d - Animate Dead          Necr           N/A          1%          4    N/A

Your spell library contained the following spells:

 Spells                   Type           Power        Failure   Level  Hunger
 Agony                    Necr           ######..     5%          5    N/A
 Apportation              Tloc           ##....       9%          1    N/A
 Corona                   Hex            ##.....      9%          1    N/A
 Magic Dart               Conj           ##..         9%          1    N/A
 Summon Small Mammal      Summ           ##..         9%          1    N/A
 Blink                    Tloc           N/A          13%         2    N/A
 Call Imp                 Summ           ##......     13%         2    N/A
 Poisonous Vapours        Pois/Air       ##....       13%         2    N/A
 Slow                     Hex            ##......     13%         2    N/A
 Conjure Flame            Conj/Fire      ##......     26%         3    N/A
 Mephitic Cloud           Conj/Pois/Air  ##......     26%         3    N/A
 Freezing Cloud           Conj/Ice/Air   ##........   100%        6    N/A
 Ring of Flames           Chrm/Fire      ##........   100%        7    N/A

Dungeon Overview and Level Annotations

Branches:
Dungeon (9/15)             Temple (1/1) D:5
   Lair: D:8-11         Orc: D:9-12

Altars:
Ashenzari
Cheibriados
Dithmenos
Elyvilon
Fedhas
Gozag
Hepliaklqana
Kikubaaqudgha
Makhleb
Nemelex Xobeh
Okawaru
Qazlal
Ru
Sif Muna
Trog
Uskayaw
Vehumet
Wu Jian
Xom
Yredelemnul
Zin
The Shining One

Shops:
D:4 *   D:8 *

Annotations:
D:9 Joseph, Maggie


Innate Abilities, Weirdness & Mutations

You do not eat.
Your natural rate of healing is unusually fast.
You have razor-sharp teeth.
You have supernaturally acute eyesight. (SInv)
You can survive without breathing.


Message History

Your quokka skeleton barely misses Joseph.
You see here a sling bullet.
Your quokka skeleton bites Joseph but does no damage.
You see here 2 sling bullets.
Joseph shoots a sling bullet.
The sling bullet hits you.
Your quokka skeleton bites Joseph but does no damage.
You see here a sling bullet.
Your quokka skeleton bites Joseph but does no damage.
Joseph tries to grin evilly.
Joseph shoots a sling bullet.
The sling bullet hits you!
* * * LOW HITPOINT WARNING * * *
You see here a sling bullet.
Joseph shoots a sling bullet.
The sling bullet hits you.
* * * LOW HITPOINT WARNING * * *
You see here a sling bullet.
Joseph shoots a sling bullet.
The sling bullet hits you!
* * * LOW HITPOINT WARNING * * *
You see here a sling bullet.
Joseph shoots a sling bullet.
The sling bullet hits you!
You die...

...............................
...#....#######.....(..#...%.#
...#.....# #..Z(..@.# ##.##
##.##.##.######)#@##'#.###...#
.#....#.....((((#.#....(Z((.(#
.#.##.#..########.#..#.##(.###..
.........########.#....#(.......#
.#>.............(.#.##.##.#######
##.#############@##. #.##.# ##.
#..#. #.##.# # #.... #.##.# ..
#..#.......# # ##....#.#... #
....# # .Y ... # .#..


You could see Joseph and a friendly quokka skeleton.

Vanquished Creatures
  A two-headed ogre (D:9)
  A spriggan (D:8)
  A hungry ghost (D:8)
  A water moccasin (D:6)
  2 orc warriors
  A phantom (D:5)
  A sky beast (D:6)
  2 ogres
  3 centaurs
  5 bullfrogs
  A water moccasin skeleton (D:5)
  A scorpion (D:4)
  3 howler monkeys (D:7)
  A crimson imp (D:6)
  A centaur zombie (D:7)
  3 jellies
  2 bullfrog zombies
  3 orc wizards
  5 orc priests
  2 bullfrog skeletons
  4 hounds
  A centaur skeleton (D:4)
  4 iguanas
  4 worker ants
  Ijyb (D:5)
  2 killer bee zombies
  2 hound zombies (D:7)
  A worker ant zombie (D:8)
  A howler monkey skeleton (D:3)
  6 gnolls (D:5)
  8 adders
  A shadow imp (D:7)
  An ooze (D:3)
  2 adder skeletons
  2 worms
  2 dart slugs
  5 leopard geckos
  37 orcs
  5 giant cockroaches
  11 goblins
  13 hobgoblins
  5 jackals
  10 quokkas
  12 bats
  6 frilled lizards
  A giant cockroach zombie (D:6)
  2 jackal zombies
  12 kobolds
  A leopard gecko zombie (D:7)
  A quokka skeleton (D:6)
  8 rats
211 creatures vanquished.

Vanquished Creatures (collateral kills)
  An orc warrior (D:8)
  2 phantoms
  A hound (D:7)
  An orc wizard (D:7)
  4 orcs
  A goblin (D:1)
  A hobgoblin (D:1)
  2 bats (D:1)
  A rat (D:2)
14 creatures vanquished.

Grand Total: 225 creatures vanquished

Notes
Turn   | Place    | Note
-------+----------+-------------------------------------------
     0 | D:1      | vinniec the Vampire Necromancer began the quest for the
                  | Orb.
     0 | D:1      | Reached XP level 1. HP: 13/13 MP: 3/3
    22 | D:1      | Learned a level 1 spell: Animate Skeleton
   177 | D:1      | Reached XP level 2. HP: 19/19 MP: 3/5
   895 | D:2      | Reached XP level 3. HP: 24/24 MP: 1/6
   912 | D:2      | Learned a level 3 spell: Vampiric Draining
  1594 | D:2      | Reached XP level 4. HP: 18/30 MP: 8/8
  1800 | D:2      | Found an iron altar of Okawaru.
  1800 | D:2      | Found a bloodstained altar of Trog.
  2270 | D:3      | Reached skill level 5 in Necromancy
  3348 | D:4      | Found Utwequos's Assorted Antiques.
  3366 | D:4      | Upgraded the game from 0.25-a0-934-g041635d5d1 to
                  | 0.25-a0-939-g1e880d33e3
  3366 | D:4      | Bought a copper wand for 80 gold pieces
  3366 | D:4      | Bought a scroll of remove curse for 60 gold pieces
  3452 | D:4      | Reached XP level 5. HP: 35/35 MP: 8/10
  3482 | D:4      | Reached skill level 1 in Short Blades
  3895 | D:4      | Reached skill level 1 in Armour
  3931 | D:4      | Noticed an ogre
  4193 | D:4      | Killed an ogre
  4193 | D:4      | Reached XP level 6. HP: 37/41 MP: 3/12
  4343 | D:4      | Learned a level 4 spell: Animate Dead
  4827 | D:5      | Entered Level 5 of the Dungeon
  5026 | D:5      | Noticed Ijyb
  5030 | D:5      | Killed Ijyb
  5116 | D:5      | Found a shimmering altar of Xom.
  5156 | D:5      | Reached XP level 7. HP: 47/47 MP: 13/13
  5163 | D:5      | Reached skill level 5 in Stealth
  5296 | D:5      | Found a white marble altar of Elyvilon.
  5706 | D:5      | Found a staircase to the Ecumenical Temple.
  5913 | Temple   | Entered the Ecumenical Temple
  6128 | Temple   | Became a worshipper of Sif Muna the Loreminder
  6260 | D:6      | Reached skill level 5 in Spellcasting
  6486 | D:6      | Reached XP level 8. HP: 51/53 MP: 11/16
  6614 | D:6      | Reached skill level 1 in Fighting
  6662 | D:6      | Reached * piety under Sif Muna
  6662 | D:6      | Reached skill level 6 in Necromancy
  7802 | D:7      | Reached skill level 5 in Dodging
  7818 | D:7      | Reached XP level 9. HP: 42/59 MP: 0/19
  7966 | D:7      | Found a sparkling altar of Nemelex Xobeh.
  8296 | D:7      | Reached ** piety under Sif Muna
  8736 | D:7      | Reached skill level 7 in Necromancy
  9574 | D:8      | Found Xajo's General Store.
  9666 | D:8      | Reached skill level 8 in Necromancy
 10457 | D:8      | Bought an uncursed ring of protection from magic for 250
                  | gold pieces
 10457 | D:8      | Bought a +3 ring of intelligence for 157 gold pieces
 10457 | D:8      | Bought a scroll of identify for 20 gold pieces
 10498 | D:9      | Noticed Maggie
 10511 | D:9      | Noticed a two-headed ogre
 10522 | D:9      | Killed a two-headed ogre
 10522 | D:9      | Reached skill level 9 in Necromancy
 10650 | D:9      | Reached *** piety under Sif Muna
 10721 | D:9      | Noticed Joseph
 10760 | D:9      | Reached XP level 10. HP: 60/67 MP: 22/22
 10825 | D:9      | Shot with a sling bullet by Joseph

Levels and vault maps discovered:
D:1:      sevenhm_arrival_forest_fort_small_4, layout_basic, minmay_door_square,
          chequers_avenue, minmay_misc_feat_secret_circle,
          chequers_serial_rivers_large_b
D:2:      layout_basic, gammafunk_temple_overflow_elements
D:3:      layout_loops_corners
D:4:      cheibrodos_greedy_goblins, layout_basic, serial_shops, shop_coins
D:5:      layout_loops_ring, brannock_xom_greatest_gift,
          lemuel_coloured_pillars_altar, minmay_temple_entry_stoned_glass,
          first_ration, uniq_ijyb
D:6:      layout_rooms, minmay_manual_mandibuliform
D:7:      layout_gridville, nemelex_xobeh_ov_fountains_minmay
D:8:      layout_basic, serial_shops, shop, the_bakery
D:9:      layout_basic, kennysheep_generic_room_8, uniq_maggie, uniq_joseph
Temple:   minmay_crystal_spiral_temple

Skill      XL: |  1  2  3  4  5  6  7  8  9 |
---------------+----------------------------+-----
Spellcasting   | 3 4 5 7 8 |  8.4
Necromancy     | 5 6 9 |  9.2
Short Blades   | 1 2 3 |  3.3
Stealth        | 4 6 7 8 |  8.9
Armour         | 1 2 3 |  3.5
Dodging        | 3 4 5 6 |  6.0
Fighting       | 1 |  1.8
Throwing       | |  0.1
Evocations     | |  0.2

Action                   |  1- 3 |  4- 6 |  7- 9 | 10-12 || total
-------------------------+-------+-------+-------+-------++-------
Melee: Unarmed           |     5 |       |       |       ||     5
       Bite              |     5 |     2 |    38 |       ||    45
       Dagger            |    48 |    95 |   407 |       ||   550
       Short sword       |     8 |       |       |       ||     8
Throw: Stone             |       |       |     8 |     1 ||     9
 Cast: Pain              |    40 |    64 |   120 |     3 ||   227
       Animate Skeleton  |    24 |    24 |     1 |     1 ||    50
       Vampiric Draining |       |     3 |    52 |       ||    55
       Animate Dead      |       |     1 |    16 |     1 ||    18
Evoke: Wand              |       |     2 |       |       ||     2
  Use: Scroll            |     3 |     1 |     7 |       ||    11
       Potion            |       |       |       |     1 ||     1
 Stab: Sleeping          |     4 |     7 |     6 |       ||    17
       Distracted        |       |     2 |     1 |       ||     3
Armor: Robe              |    12 |    17 |    36 |       ||    65
       Leather armour    |       |       |    96 |       ||    96
Dodge: Dodged            |    60 |    67 |   264 |     1 ||   392

Table legend:
 A = Non-vault XP
 B = Vault XP
 C = Vault XP percentage of total XP
 D = Non-vault monster count
 E = Vault monster count
 F = Vault count percentage of total count
                 A         B        C        D         E       F
            +---------+---------+-------+---------+---------+-------
      Total |    4966 |     584 |  10.5 |     209 |      16 |   7.1
            +---------+---------+-------+---------+---------+-------
        D:1 |      39 |       0 |   0.0 |      23 |       0 |   0.0
        D:2 |      65 |       0 |   0.0 |      27 |       0 |   0.0
        D:3 |      89 |       0 |   0.0 |      28 |       0 |   0.0
        D:4 |     467 |      14 |   2.9 |      20 |       8 |  28.6
        D:5 |     429 |      35 |   7.5 |      18 |       1 |   5.3
        D:6 |    1069 |     330 |  23.6 |      30 |       6 |  16.7
        D:7 |     819 |       0 |   0.0 |      34 |       0 |   0.0
        D:8 |     865 |     205 |  19.2 |      23 |       1 |   4.2
        D:9 |    1124 |       0 |   0.0 |       6 |       0 |   0.0
            +---------+---------+-------+---------+---------+-------
